 Dungeon Sprint DCSS version 0.25-a0-869-g05d4e06a41 (webtiles) character file.

Game seed: 15654296676487467774, levelgen mode: deterministic

664 Conn the Thaumaturge (level 7, -6/36 HPs)
             Began as a Deep Elf Wizard on May 1, 2020.
             Was a Follower of Sif Muna.
             Mangled by a hornet (14 damage)
             ... while paralysed by a hornet
             ... in the Dungeon (Sprint I: "Red Sonja").
             The game lasted 00:10:45 (679 turns).

Conn the Thaumaturge (Deep Elf Wizard)               Turns: 679, Time: 00:10:45

Health: -6/36      AC:  2    Str:  4    XL:     7   Next: 31%
Magic:  0/27       EV:  2    Int: 25    God:    Sif Muna [*.....]
Gold:   382        SH:  0    Dex: 13    Spells: 24/35 levels left

rFire    . . .     SeeInvis .   k - staff of death
rCold    . . .     Gourm    .   (no shield)
rNeg     + . .     Faith    .   a - +0 robe
rPois    .         Spirit   .   b - +0 hat
rElec    .         Reflect  .   (no cloak)
rCorr    .         Harm     .   (no gloves)
MR       .....     NoTele   +   (no boots)
Stlth    +++.......             (no amulet)
HPRegen  0.12/turn              (no ring)
MPRegen  0.20/turn              (no ring)

@: paralysed, lethally poisoned (-6 -> -12), slowed
A: no striking features
a: Channel Magic, Renounce Religion


You were in the Dungeon.
You worshipped Sif Muna.
Sif Muna was aware of your devotion.
You were not hungry.

You visited 1 branch You collected 538 gold pieces.
You spent 156 gold pieces at shops.

Inventory:

Armour
 a - a +0 robe (worn)
 b - a +0 hat (worn)
Magical Staves
 k - an uncursed staff of death (weapon)
Wands
 c - a wand of flame (18)
 g - a wand of enslavement (7)
Scrolls
 e - a scroll of identify {unknown}
 j - a scroll of blinking
Potions
 f - a potion of heal wounds
 h - 2 potions of magic
 i - a potion of curing
Comestibles
 d - a ration


   Skills:
 + Level 6.5 Dodging
 + Level 5.2 Stealth
 + Level 14.7 Spellcasting
 * Level 7.6 Conjurations
 + Level 5.9 Summonings
 + Level 1.6 Translocations
 + Level 1.3 Air Magic
 + Level 1.5 Poison Magic


You had 24 spell levels left.
You knew the following spells:

 Your Spells              Type           Power        Failure   Level  Hunger
a - Magic Dart            Conj           ####         1%          1    None
b - Blink                 Tloc           N/A          2%          2    None
c - Call Imp              Summ           #####...     1%          2    None
d - Conjure Flame         Conj/Fire      #####...     1%          3    None
e - Mephitic Cloud        Conj/Pois/Air  #####...     2%          3    None

Your spell library contained the following spells:

 Spells                   Type           Power        Failure   Level  Hunger
 Slow                     Hex            ###.....     4%          2    None


Dungeon Overview and Level Annotations

Branches:
Dungeon (1/1)

Altars:
Cheibriados
Dithmenos
Elyvilon
Fedhas
Gozag
Hepliaklqana
Kikubaaqudgha
Makhleb
Nemelex Xobeh
Okawaru
Qazlal
Ru
Sif Muna
Trog
Uskayaw
Vehumet
Wu Jian
Xom
Yredelemnul
Zin
The Shining One
Jiyva
Lugonu

Shops:
D }[

Annotations:
D Sonja


Message History

The hornet is heavily wounded.
The hornet is engulfed in noxious fumes.
The hornet appears confused.
The centaur warrior is engulfed in noxious fumes.
The centaur warrior appears confused.
Your white imp barely misses the hornet.
You strike the helpless hornet from behind!
You hit the hornet but do no damage.
The hornet is heavily wounded.
The hornet stings you!
You suddenly lose the ability to move!
The hornet stings you.
* * * LOW HITPOINT WARNING * * *
You are poisoned.
You feel yourself slow down.
Your white imp hits the hornet but does no damage.
You feel sick.
Your white imp barely misses the hornet.
The hornet is engulfed in blazing flames.
The hornet stings you!
You die...

######################
#<.#..'..#..'..#__#5.+
#..)..#..'..#..'^.'..#
#..#####)#####'#_5####
#..####..#...#.####§§#
#).#__####..##.#§≈§§.#
#..#_____##'#_.+§§§cc+
#⌠⌠#_.∩...'5@._#≈§§.§#
####_..__##_y#'##§###
#_____###°#.#.§K!###
#########c####§###[##
+$..([cy.$'(∩#
#$.$########## ##.##
#+#


You could see a centaur warrior (confused), a hornet (confused) and a friendly
white imp.

Vanquished Creatures
  A yak (D)
  An ogre (D)
  A jelly (D)
  Ijyb (D)
4 creatures vanquished.

Vanquished Creatures (collateral kills)
  A deep troll (D)
  A slime creature (D)
  Sigmund (D)
3 creatures vanquished.

Vanquished Creatures (others)
  A gargoyle (D)
1 creature vanquished.

Grand Total: 8 creatures vanquished

Notes
Turn   | Place    | Note
-------+----------+-------------------------------------------
     0 | D        | Conn the Deep Elf Wizard began the quest for the Orb.
     0 | D        | Reached XP level 1. HP: 10/10 MP: 7/7
     1 | D        | Noticed Ijyb
    18 | D        | Killed Ijyb
    18 | D        | Reached skill level 7 in Spellcasting
    18 | D        | Reached XP level 2. HP: 2/15 MP: 3/12
    29 | D        | Learned a level 2 spell: Blink
    32 | D        | Learned a level 2 spell: Call Imp
   284 | D        | Noticed an ogre
   299 | D        | Killed an ogre
   299 | D        | Reached skill level 9 in Spellcasting
   299 | D        | Reached XP level 3. HP: 19/19 MP: 5/15
   299 | D        | Reached XP level 4. HP: 24/24 MP: 5/17
   304 | D        | Learned a level 3 spell: Conjure Flame
   308 | D        | Learned a level 3 spell: Mephitic Cloud
   329 | D        | Noticed Sigmund
   341 | D        | Killed Sigmund
   341 | D        | Reached skill level 11 in Spellcasting
   341 | D        | Reached skill level 5 in Conjurations
   341 | D        | Reached XP level 5. HP: 28/28 MP: 2/20
   360 | D        | Found an ornate altar of the Wu Jian Council.
   360 | D        | Found a shimmering blue altar of Sif Muna.
   362 | D        | Found a radiant altar of Vehumet.
   370 | D        | Killed a gargoyle
   372 | D        | Reached skill level 5 in Dodging
   380 | D        | Became a worshipper of Sif Muna the Loreminder
   404 | D        | Found Zenit's Gadget Emporium.
   404 | D        | Found an ancient bone altar of Kikubaaqudgha.
   404 | D        | Found a hazy altar of Hepliaklqana.
   404 | D        | Found a stormy altar of Qazlal.
   404 | D        | Found a hide-covered altar of Uskayaw.
   404 | D        | Found a blossoming altar of Fedhas.
   404 | D        | Found a bloodstained altar of Trog.
   404 | D        | Found an iron altar of Okawaru.
   404 | D        | Found a basalt altar of Yredelemnul.
   404 | D        | Found a glowing golden altar of the Shining One.
   404 | D        | Found a snail-covered altar of Cheibriados.
   404 | D        | Found a sacrificial altar of Ru.
   404 | D        | Found a glowing silver altar of Zin.
   404 | D        | Found a shadowy altar of Dithmenos.
   404 | D        | Found a white marble altar of Elyvilon.
   404 | D        | Noticed a yak
   413 | D        | Killed a yak
   413 | D        | Reached skill level 12 in Spellcasting
   413 | D        | Reached skill level 1 in Air Magic
   413 | D        | Reached skill level 1 in Poison Magic
   413 | D        | Reached XP level 6. HP: 26/32 MP: 3/23
   417 | D        | Found an opulent altar of Gozag.
   418 | D        | Found a sparkling altar of Nemelex Xobeh.
   521 | D        | Found a burning altar of Makhleb.
   521 | D        | Found a viscous altar of Jiyva.
   521 | D        | Found a shimmering altar of Xom.
   521 | D        | Found a corrupted altar of Lugonu.
   521 | D        | Noticed a slime creature
   532 | D        | Killed a slime creature
   532 | D        | Reached skill level 13 in Spellcasting
   565 | D        | Bought a wand of enslavement (11) for 156 gold pieces
   581 | D        | Noticed Sonja
   587 | D        | Noticed a deep troll
   593 | D        | Killed a deep troll
   593 | D        | Reached * piety under Sif Muna
   593 | D        | Reached skill level 5 in Stealth
   593 | D        | Reached skill level 14 in Spellcasting
   593 | D        | Reached skill level 5 in Summonings
   593 | D        | Reached XP level 7. HP: 36/36 MP: 19/27
   614 | D        | Found Lojoti's Armour Emporium.
   630 | D        | Noticed a centaur warrior
   635 | D        | Noticed a centaur warrior
   659 | D        | Noticed a hornet
   678 | D        | Paralysed by a hornet for 2 turns
   679 | D        | Mangled by a hornet

Levels and vault maps discovered:
D:        dungeon_sprint_1 [red_sonja_temple_1, red_sonja_temple_small_1]

Skill      XL: |  1  2  3  4  5  6 |
---------------+-------------------+-----
Dodging        | 3 4 5 6 |  6.5
Stealth        | 3 4 5 |  5.2
Spellcasting   | 7 9 11 12 14 | 14.7
Conjurations   | 3 5 6 7 |  7.6
Summonings     | 2 4 5 |  5.9
Air Magic      | 1 |  1.3
Poison Magic   | 1 |  1.5
Translocations | |  1.6

Action                   |  1- 3 |  4- 6 |  7- 9 || total
-------------------------+-------+-------+-------++-------
Melee: Unarmed           |     8 |     1 |     1 ||    10
       Staff             |       |       |     1 ||     1
 Cast: Magic Dart        |     4 |     9 |     7 ||    20
       Call Imp          |     4 |     9 |     3 ||    16
       Mephitic Cloud    |       |     2 |     5 ||     7
       Conjure Flame     |       |     1 |     2 ||     3
Evoke: Wand              |       |     1 |     4 ||     5
  Use: Potion            |     3 |       |     1 ||     4
 Stab: Confused          |       |       |     1 ||     1
Dodge: Dodged            |     2 |       |     1 ||     3

Table legend:
 A = Non-vault XP
 B = Vault XP
 C = Vault XP percentage of total XP
 D = Non-vault monster count
 E = Vault monster count
 F = Vault count percentage of total count
                 A         B        C        D         E       F
            +---------+---------+-------+---------+---------+-------
      Total |       0 |     949 | 100.0 |       0 |       7 | 100.0
            +---------+---------+-------+---------+---------+-------
          D |       0 |     949 | 100.0 |       0 |       7 | 100.0
            +---------+---------+-------+---------+---------+-------
